 Dungeon Crawl Stone Soup version 0.30.1-11-g7821555f0a (webtiles) character file.

Game seed: 14726033705118941798

3782 Queen the Insei (level 9, -2/79 HPs)
             Began as a Red Draconian Transmuter on Nov 12, 2023.
             Was a Priest of Makhleb.
             Slain by an orc warrior
             ... wielding a +0 battleaxe
              (17 damage)
             ... in a bailey.
             The game lasted 00:28:39 (6503 turns).

Queen the Insei (Red Draconian Transmuter)          Turns: 6503, Time: 00:28:40

Health: -2/79      AC: 10    Str: 12    XL:     9   Next: 95%
Magic:  18/18      EV: 14    Int: 18    God:    Makhleb [***...]
Gold:   337        SH:  0    Dex: 12    Spells: 10/20 levels left

rFire   + .          .
                       - Unarmed
rCold   . . .        (no shield)
rNeg    . . .        (body armour unavailable)
rPois   .            (helmet currently unavailable)
rElec   .            f - +1 cloak
rCorr   .            o - +0 pair of gloves
SInv    +            (boots currently unavailable)
Will    .....        r - amulet of regeneration
Stlth   +            c - ring of see invisible
HPRegen 1.13/turn    (no ring)
MPRegen 0.16/turn

%: no passive effects
@: short of breath, appendages, wereblooded, invisible
A: horns 2, talons 2, breathe fire, AC +7, unfitting armour, fire resistance 1,
cold-blooded
a: Breathe Fire, End Transformation, Renounce Religion, Minor Destruction,
Lesser Servant of Makhleb


You were in a bailey.
You worshipped Makhleb.
Makhleb was most pleased with you.
You had temporarily grown beastly horns and talons.
You visited 1 branch of the dungeon, and saw 7 of its levels.
You also visited: Bailey.

You collected 415 gold pieces.
You spent 78 gold pieces at shops.

Inventory:

Armour
 f - a +1 cloak (worn)
 o - a +0 pair of gloves (worn)
Jewellery
 c - a ring of see invisible (left hand)
 r - an amulet of regeneration (around neck)
Scrolls
 j - 2 scrolls of vulnerability
 k - 2 scrolls of magic mapping
 m - 4 scrolls of fear
 n - 2 scrolls of brand weapon
 q - a scroll of enchant weapon {unknown}
 s - 4 scrolls of teleportation {unknown}
 t - 3 scrolls of fog {unknown}
Potions
 a - 2 potions of lignification
 b - 4 potions of attraction
 d - 3 potions of flight
 e - 3 potions of heal wounds
 g - a potion of curing
 h - 2 potions of invisibility
 i - a potion of resistance {unknown}
 l - 2 potions of haste
 p - a potion of degeneration
 u - a potion of might {unknown}


   Skills:
 + Level 7.1 Fighting
 + Level 6.0 Dodging
 + Level 7.1 Unarmed Combat
 + Level 6.1 Spellcasting
 + Level 6.6 Transmutations


You had 10 spell levels left.
You knew the following spells:

 Your Spells              Type           Power      Damage    Failure   Level
a - Beastly Appendage     Tmut           58%        N/A       1%          1
b - Wereblood             Tmut           29%        N/A       1%          2
c - Spider Form           Tmut/Pois      17%        N/A       9%          3
d - Ice Form              Ice/Tmut       17%        N/A       30%         4

Your spell library contained the following spells:

 Spells                   Type           Power      Damage    Failure   Level
 Lesser Beckoning         Tloc           10%        N/A       19%         2
 Gell's Gravitas          Tloc           5%         N/A       34%         3
 Teleport Other           Tloc           5%         N/A       34%         3


Dungeon Overview and Level Annotations

Branches:
Dungeon (7/15)             Temple (0/1) D:5          Bailey (1/1)

Altars:
Makhleb
Qazlal
Ru
Vehumet
Xom

Shops:
D:1 (   D:3 ?

Annotations:
D:3 exclusion: 2 downstairs
D:6 exclusions: downstairs and statue


Innate Abilities, Weirdness & Mutations

You have temporarily grown beastly horns and talons.
You can breathe blasts of fire.
Your fiery red scales are hard. (AC +7)
You cannot fit into any form of body armour.
Your flesh is heat resistant. (rF+)
You are cold-blooded and may be slowed by cold attacks.


Message History

You kill the gnoll!
Makhleb accepts your kill.
You feel better.
The fiery breath misses the orc warrior.
The fiery breath hits the orc warlord but does no damage.
The orc warlord is engulfed in blazing flames.
Aiming: Minor Destruction (21% risk of failure)
Press: ? - help, Shift-Dir - straight line, f/p - orc warlord
Aim: an orc warlord, wielding a +4 broad axe and wearing a +0 chain mail (lightly wounded, strong, unable to see you)
The glob of acid hits the orc warrior!
The acid corrodes the orc warrior!
The orc warrior is moderately wounded.
The orc warrior hits you with a +0 battleaxe!
You hit the orc warrior. Your kick misses the orc warrior.
The orc warrior is heavily wounded.
The orc warlord no longer looks unusually strong.
The orc warrior misses you.
You hit the orc warrior. Your kick misses the orc warrior.
The orc warrior is severely wounded.
The orc warrior completely misses you.
You catch the helpless orc warrior completely off-guard!
You hit the orc warrior. Your kick misses the orc warrior.
You headbutt the orc warrior.
Your tail-slap misses the orc warrior.
The orc warrior is almost dead.
The orc warrior hits you with a +0 battleaxe!
* * * LOW HITPOINT WARNING * * *
You howl as the wereblood boils in your veins!
There is an open door, spattered with blood here.
Items here: ))) [[[ †.
The orc warrior is no longer covered in acid.
Items here: )) [[ †.
You can't do that yet.
You hit the orc warrior.
You tail-slap the orc warrior, but do no damage.
The orc warrior is almost dead.
The orc warrior hits you with a +0 battleaxe!
* * * LOW HITPOINT WARNING * * *
You barely miss the orc warrior. Your kick misses the orc warrior.
The orc warrior is almost dead.
The orc warrior hits you with a +0 battleaxe!
You die...

#.### ###.### ....###
###.....###
......###.........##
.......#)..........#
......†')..........#
.⌠....[#)....⌠.....#
.......#.).........#
.......#.........).#
......###.......@)###
....###.###.....#o#.###
#.###
...###.###g)...### ###
.... ###..g......## .#
....g #8g.........# .#
......#8o.........# .#
......g.....⌠....∩# .#
......#8..........# .#
.....##8..........#


You could see an orc warrior (strong, unable to see you), a hobgoblin (unable to
see you) and a goblin (unable to see you).

Vanquished Creatures
  An orc knight (Bailey)
  Eustachio (D:4)
  A steam dragon (D:6)
  7 orc warriors (Bailey)
  3 black bears
  A sky beast (D:6)
  An ice beast (D:5)
  2 ogres (D:5)
  2 phantoms
  Blork the orc (D:5)
  A bullfrog (D:5)
  A scorpion (D:6)
  8 wights
  2 howler monkeys (D:6)
  A crimson imp (D:3)
  2 jellies
  2 orc priests
  2 hounds
  3 gnoll boudas
  7 iguanas
  A sleepcap (D:5)
  20 gnolls
  11 adders
  A shadow imp (D:5)
  3 white imps
  2 ufetubi
  2 worms
  31 orcs
  8 bats
  6 endoplasms
  4 giant cockroaches
  19 goblins
  13 hobgoblins
  3 jackals (D:1)
  2 quokkas
  13 ball pythons
  4 frilled lizards (D:1)
  5 kobolds
  2 rats
199 creatures vanquished.

Notes
Turn   | Place    | Note
-------+----------+-------------------------------------------
     0 | D:1      | Queen the Draconian Transmuter began the quest for the Orb.
     0 | D:1      | Reached XP level 1. HP: 16/16 MP: 3/3
   189 | D:1      | Found a faded altar of an unknown god.
   365 | D:1      | Found Ihat's Antique Weapon Shop.
   379 | D:1      | Reached XP level 2. HP: 18/23 MP: 3/5
   454 | D:1      | Learned a level 2 spell: Wereblood
  1186 | D:2      | Reached XP level 3. HP: 29/29 MP: 4/6
  1190 | D:2      | Learned a level 3 spell: Spider Form
  1554 | D:3      | Found Atirgh's Magic Scroll Boutique.
  1575 | D:3      | Reached XP level 4. HP: 26/36 MP: 2/7
  1653 | D:3      | Bought a scroll of identify for 26 gold pieces
  1653 | D:3      | Bought a scroll of identify for 26 gold pieces
  1653 | D:3      | Bought a scroll of identify for 26 gold pieces
  2070 | D:3      | Found a shimmering altar of Xom.
  2070 | D:3      | Found a burning altar of Makhleb.
  2079 | D:3      | Reached XP level 5. HP: 37/42 MP: 7/9
  2143 | D:3      | Became a worshipper of Makhleb the Destroyer
  2319 | D:4      | Noticed Eustachio
  2431 | D:4      | Noticed a phantom
  2453 | D:4      | Killed a phantom
  2464 | D:4      | Learned a level 4 spell: Ice Form
  2493 | D:4      | Reached XP level 6. HP: 50/51 MP: 8/10
  2519 | D:4      | Killed Eustachio
  2757 | D:4      | Found a sacrificial altar of Ru.
  2893 | D:4      | Your scales start taking on a fiery red colour.
  2893 | D:4      | Reached XP level 7. HP: 57/57 MP: 10/12
  2893 | D:4      | Gained mutation: Your flesh is heat resistant. (rF+) [Red
                  | Draconian growth]
  3145 | D:4      | Reached * piety under Makhleb
  3404 | D:4      | Found a stormy altar of Qazlal.
  3636 | D:5      | Entered Level 5 of the Dungeon
  3943 | D:5      | Reached skill level 5 in Unarmed Combat
  4043 | D:5      | Reached XP level 8. HP: 66/67 MP: 12/14
  4458 | D:5      | Reached skill level 5 in Fighting
  4584 | D:5      | Found a staircase to the Ecumenical Temple.
  4640 | D:5      | Reached skill level 5 in Transmutations
  4867 | D:5      | Noticed Blork the orc
  4875 | D:5      | Killed Blork the orc
  5256 | D:6      | Reached skill level 5 in Spellcasting
  5536 | D:6      | Reached skill level 5 in Dodging
  5552 | D:6      | Reached XP level 9. HP: 75/75 MP: 16/16
  5555 | D:6      | Reached ** piety under Makhleb
  5804 | D:6      | Found a radiant altar of Vehumet.
  6122 | D:7      | Found a flagged portal.
  6148 | Bailey   | Entered a bailey
  6341 | Bailey   | Reached *** piety under Makhleb
  6470 | Bailey   | Noticed an orc knight
  6470 | Bailey   | Noticed an orc warlord
  6486 | Bailey   | Killed an orc knight
  6503 | Bailey   | Slain by an orc warrior

Illustrated notes

Levels and vault maps discovered:
D:1:      dpeg_arrival_erosion, layout_basic, serial_shops, shop,
          chequers_ecumenical_altar_grove
D:2:      layout_rooms, minmay_misc_feat_iff
D:3:      layout_basic, grunt_temple_overflow_champion_of_chaos, serial_shops,
          shop, hex_large, kennysheep_generic_room_10
D:4:      layout_loops_ring, nicolae_overflow_hidden_temple, marbit_many_paths,
          uniq_eustachio
D:5:      layout_basic, minmay_temple_entry_mini_moons, uniq_blork_the_orc
D:6:      layout_basic, vehumet_statue, dreamdust_princess_corridor
D:7:      layout_layer_cave, nicolae_overflow_quartered_altars, enter_bailey_3,
          serial_demonic, serial_demonic_f, serial_demonic_a, serial_demonic_a,
          serial_demonic_d, serial_bayou_pond_c
Bailey:   bailey_axe_minmay_hex_keep, bailey

Skill      XL: |  1  2  3  4  5  6  7  8  9 |
---------------+----------------------------+-----
Dodging        | 2 3 4 5 6 |  6.0
Fighting       | 2 3 4 5 7 |  7.1
Transmutations | 3 4 5 6 |  6.6
Spellcasting   | 3 4 5 6 |  6.1
Unarmed Combat | 4 5 6 7 |  7.1

Action                     |  1- 3 |  4- 6 |  7- 9 || total
---------------------------+-------+-------+-------++-------
  Melee: Unarmed           |   115 |   123 |   398 ||   636
         Kick              |    13 |    30 |    84 ||   127
         Headbutt          |    10 |    18 |    60 ||    88
         Tailslap          |     8 |     7 |    57 ||    72
         Punch             |     5 |     2 |    11 ||    18
   Cast: Beastly Appendage |    21 |    21 |    39 ||    81
         Spider Form       |     1 |     2 |     8 ||    11
         Wereblood         |       |       |     1 ||     1
 Invoke: Minor Destruction |       |       |     1 ||     1
Ability: Breathe Fire      |       |       |    29 ||    29
    Use: Scroll            |     3 |     3 |     7 ||    13
         Potion            |       |       |     1 ||     1
   Stab: Sleeping          |       |     1 |       ||     1
         Invisible         |       |       |     2 ||     2
 Armour: Skin              |    33 |    34 |    73 ||   140
  Dodge: Dodged            |    93 |    88 |   233 ||   414
